Get step-by-step instructions on how to execute this build order below. Start the game timer, and the build order will tick by so you can play in parallel with StarCraft on a second screen or mobile device.

Game Time

  0:00

Last Step

  N/A

Next Step

  12  0:22  Spawning Pool  

Upcoming Step

  11  0:30  Overlord  

Don't want to look back and forth between 2 screens? Try out our Overwolf App, the Spawning Tool Build Advisor to get an in-game overlay with this build!

Complete Build Order

  12  0:22  Spawning Pool  
  11  0:30  Overlord  
  11  0:35  Drone  
  12  0:41  Drone  
  13  0:48  Drone  
  14  0:58  Extractor  
  14  1:04  Drone x2  
  15  1:09  Extractor  
  14  1:16  Drone  
  15  1:28  Drone  
  16  1:37  Drone  
  17  1:49  Drone  
  18  2:00  Lair  
  18  2:01  Evolution Chamber  
  17  2:19  Hatchery  
  16  2:26  Drone  
  16  2:29  Drone  
  18  2:34  Drone  
  19  2:55  Roach Warren  
  19  2:57  Drone  
  19  3:12  Drone x3  
  22  3:31  Queen  
  24  3:41  Spire  
  23  3:51  Drone x3  
  26  4:20  Drone x2, Hatchery  
  27  4:30  Drone  
  28  4:36  Pneumatized Carapace  
  28  4:47  Infestation Pit  
  28  4:50  Drone  
  28  5:06  Overlord x3  
  28  5:25  Mutalisk x2  
  28  5:26  Mutalisk  
  34  5:31  Hive  
  34  5:53  Hatchery  
  34  5:54  Mutalisk  
  35  6:05  Drone x3  
  38  6:44  Overlord  
  38  6:45  Overlord x5  
  38  7:22  Hydralisk Den, Drone x3  
  40  7:23  Drone x5  
  45  7:34  Drone x3  
  48  7:39  Extractor  
  48  7:41  Extractor  
  48  7:44  Mutalisk x2  
  46  7:46  Mutalisk  
  52  7:53  Zerg Flyer Weapons Level 1  
  53  7:58  Drone x2  
  53  7:59  Drone  
  55  8:07  Drone x3  
  58  8:19  Hydralisk  
  60  8:22  Hydralisk  
  62  8:28  Hydralisk  
  64  8:34  Drone x2  
  66  8:51  Hydralisk x4  
  63  9:05  Hydralisk  
  63  9:06  Hydralisk x2  
  50  9:37  Hydralisk  
  52  9:40  Hydralisk  
  54  9:47  Zerg Flyer Armor Level 1  
  54  9:53  Drone  
  54  9:54  Drone x2  
  57  10:21  Hydralisk x4  
  65  10:33  Hydralisk  
  65  10:34  Hydralisk  
  69  10:53  Drone x3  
  72  11:07  Hydralisk  
  72  11:08  Hydralisk x3  
  80  11:12  Roach x2  
  80  11:13  Roach  
  86  11:19  Drone x2  
  88  11:30  Drone x4  
  92  11:58  Hydralisk x4  
  92  11:59  Hydralisk  
  102  12:10  Hydralisk  
  102  12:13  Roach  
  30  13:54  Hatchery  
  12  15:51  Drone x3  
  15  16:22  Hatchery